 Dungeon Crawl Stone Soup version 0.27.0-1-g7a089689b8 (webtiles) character file.

Game seed: 16232076913884900447

270 Ekaitz the Sneak (level 6, 0/43 HPs)
             Began as a Vampire Enchanter on Aug 3, 2021.
             Was a Believer of Dithmenos.
             Slain by a ball python (1 damage)
             ... on level 3 of the Dungeon.
             The game lasted 00:08:54 (2518 turns).

Ekaitz the Sneak (Vampire Enchanter)                Turns: 2518, Time: 00:08:54

Health: 0/43       AC:  3    Str:  8    XL:     6   Next: 1%
Magic:  4/9        EV: 10    Int: 18    God:    Dithmenos [**....]
Gold:   105        SH:  0    Dex: 15    Spells: 3/9 levels left

rFire    . . .     SeeInvis +   a - +1 dagger
rCold    . . .     Faith    .   (no shield)
rNeg     . . .     Spirit   .   b - +0 robe
rPois    .         Reflect  .   (no helmet)
rElec    .         Harm     .   (no cloak)
rCorr    .         Rampage  .   r - +0 pair of gloves
Will     .....                  (no boots)
Stlth    ++++......             (no amulet)
HPRegen  0.34/turn              (no ring)
MPRegen  0.11/turn              (no ring)

@: healing quickly, wreathed by umbra, constricted
A: alive, fangs 3, see invisible, vampiric 2
a: Exsanguinate, Renounce Religion, Shadow Step


You were on level 3 of the Dungeon.
You worshipped Dithmenos.
Dithmenos was pleased with you.
You visited 1 branch of the dungeon, and saw 3 of its levels.

You collected 105 gold pieces.

Inventory:

Hand Weapons
 a - a +1 dagger (weapon)
 j - a +2 hand axe of distortion
Missiles
 c - 61 stones
 o - 8 datura-tipped darts (quivered)
Armour
 b - a +0 robe (worn)
 r - a +0 pair of gloves (worn)
Magical Staves
 d - a staff of air
Jewellery
 f - a ring of fire
Scrolls
 h - a scroll of amnesia {unknown}
 l - 2 scrolls of enchant armour {unknown}
 q - a scroll of blinking {unknown}
Potions
 e - a potion of curing {unknown}
 g - 3 potions of heal wounds {unknown}
 k - a potion of might {unknown}
 m - 2 potions of lignification {unknown}
 n - a potion of flight {unknown}
 p - a potion of cancellation {unknown}


   Skills:
 * Level 1.5 Fighting
 + Level 2.0 Short Blades
 * Level 3.6 Dodging
 + Level 6.0 Stealth
 + Level 2.4 Spellcasting
 * Level 5.7 Hexes
 + Level 0.7 Ice Magic
 * Level 1.6 Invocations


You had 3 spell levels left.
You knew the following spells:

 Your Spells              Type           Power      Damage    Failure   Level
a - Corona                Hex            24%        N/A       1%          1
b - Ensorcelled Hibernat  Hex/Ice        26%        N/A       7%          2
c - Confusing Touch       Hex            22%        N/A       4%          3

Your spell library contained the following spells:

 Spells                   Type           Power      Damage    Failure   Level
 Slow                     Hex            22%        N/A       2%          2
 Tukima's Dance           Hex            22%        N/A       4%          3
 Dazzling Flash           Conj/Hex       24%        N/A       16%         3
 Vampiric Draining        Necr           1%         2d6       45%         3


Dungeon Overview and Level Annotations

Branches:
Dungeon (3/15)

Altars:
Dithmenos
Zin

Portals:
Sewer: D:3


Innate Abilities, Weirdness & Mutations

Your natural rate of healing is accelerated.
You have razor-sharp teeth.
You have supernaturally acute eyesight. (SInv)
You are afflicted with vampirism and can become a bat while bloodless.


Message History

Press: ? - help, Shift-Dir - straight line, f - orc wizard
Aim: an orc wizard, wielding a +0 dagger and wearing a +0 robe (umbra, chance to affect: 44%)
The orc wizard looks drowsy...
The ball python closely misses you. The ball python constricts you.
Unknown command.
The helpless orc wizard fails to defend itself.
You impale the orc wizard!!
You kill the orc wizard!
Dithmenos accepts your kill.
You hear a splash. x2
The ball python bites you.
* * * LOW HITPOINT WARNING * * *
x2 The ball python constricts you.
Your Stealth skill increases to level 6!
You have reached level 6!
Your experience leads to an increase in your attributes!
Increase (S)trength, (I)ntelligence, or (D)exterity?
You feel stronger.
Casting: Ensorcelled Hibernation (safe; 7% risk of failure)
Confirm with . or Enter, or press ? or * to list all spells.
Aiming: Ensorcelled Hibernation (safe; 7% risk of failure)
Press: ? - help, Shift-Dir - straight line, f - ball python
Aim: a ball python (constricting you, umbra, chance to affect: 62%)
The ball python looks drowsy...
The ball python loses its grip on you. The ball python misses you.
The ball python grabs you. The ball python constricts you.
Unknown command.
The helpless ball python fails to defend itself.
You impale the ball python!!
You kill the ball python!
Dithmenos accepts your kill. The ball python bites you.
* * * LOW HITPOINT WARNING * * *
The ball python constricts you.
You hit the ball python.
Your attack snaps the ball python out of its fear.
The ball python is heavily wounded.
The rat seems to regain its courage.
The ball python bites you.
* * * LOW HITPOINT WARNING * * *
You die...

##########
##...≈+≈†≈#
#...≈≈#S@≈#
#..≈≈≈r†≈≈#
#...≈≈#####
#...≈≈≈≈≈≈#
#....≈≈≈r≈#
#......≈≈.#
#.....r.rS#
#r..#######
##S##


You could see a ball python and a rat.

Vanquished Creatures
  Jessica (D:2)
  Terence (D:2)
  Natasha (thrice) (D:2)
  An orc wizard (D:3)
  4 gnolls (D:2)
  3 adders
  2 worms
  2 dart slugs
  3 orcs (D:3)
  4 ball pythons
  2 endoplasms
  A giant cockroach (D:3)
  3 goblins
  A hobgoblin (D:1)
  4 jackals (D:1)
  A quokka (D:1)
  5 bats
  3 frilled lizards (D:1)
  3 kobolds
  6 rats
53 creatures vanquished.

Notes
Turn   | Place    | Note
-------+----------+-------------------------------------------
     0 | D:1      | Ekaitz the Vampire Enchanter began the quest for the Orb.
     0 | D:1      | Reached XP level 1. HP: 13/13 MP: 3/3
   223 | D:1      | Found a faded altar of an unknown god.
   229 | D:1      | Became a worshipper of Dithmenos the Shadowed
   229 | D:1      | Reached * piety under Dithmenos
   253 | D:1      | Reached XP level 2. HP: 15/19 MP: 5/5
   485 | D:1      | Learned a level 2 spell: Ensorcelled Hibernation
   946 | D:2      | Gained mutation: You are afflicted with vampirism and can
                  | become a bat while bloodless. [Vampire growth]
   946 | D:2      | Reached XP level 3. HP: 18/24 MP: 1/6
  1158 | D:2      | Reached skill level 5 in Hexes
  1207 | D:2      | Reached skill level 5 in Stealth
  1232 | D:2      | Reached XP level 4. HP: 11/31 MP: 0/7
  1386 | D:2      | Learned a level 3 spell: Confusing Touch
  1450 | D:2      | Noticed Terence
  1457 | D:2      | Killed Terence
  1557 | D:2      | Noticed Natasha
  1559 | D:2      | Killed Natasha
  1560 | D:2      | Reached skill level 1 in Fighting
  1560 | D:2      | Reached skill level 1 in Invocations
  1636 | D:2      | Noticed Natasha
  1647 | D:2      | Killed Natasha
  1648 | D:2      | Reached XP level 5. HP: 31/37 MP: 5/8
  1747 | D:2      | Noticed Natasha
  1751 | D:2      | Killed Natasha
  1906 | D:2      | Noticed Jessica
  1913 | D:2      | Killed Jessica
  2057 | D:3      | Reached ** piety under Dithmenos
  2508 | D:3      | Found a glowing drain.
  2516 | D:3      | Reached skill level 6 in Stealth
  2516 | D:3      | Reached XP level 6. HP: 2/43 MP: 6/9
  2517 | D:3      | HP: 2/43 [ball python (1)]
  2518 | D:3      | Slain by a ball python

Illustrated notes

Levels and vault maps discovered:
D:1:      mrwooster_arrival_statue_3, layout_basic,
          chequers_ecumenical_altar_simple, chequers_serial_rivers_room_b,
          hangedman_decor_growths, hangedman_abyss_or_decor_stabs
D:2:      layout_basic, basic_altar, uniq_natasha, uniq_jessica, uniq_terence
D:3:      layout_basic, mainiacjoe_overflow_paths,
          nicolae_overflow_hidden_temple, portal_sewer_entry_e

Skill      XL: |  1  2  3  4  5 |
---------------+----------------+-----
Dodging        | 3 |  3.6
Hexes          | 5 |  5.7
Stealth        | 5 6 |  6.0
Fighting       | 1 |  1.5
Invocations    | 1 |  1.6
Short Blades   | 2 |  2.0
Spellcasting   | |  2.4
Ice Magic      | |  0.7

Action                   |  1- 3 |  4- 6 || total
-------------------------+-------+-------++-------
Melee: Dagger            |    89 |    51 ||   140
       Bite              |     6 |       ||     6
 Cast: Corona            |     2 |       ||     2
       Ensorcelled Hiber |    15 |     9 ||    24
       Confusing Touch   |       |     2 ||     2
  Use: Scroll            |       |     1 ||     1
 Stab: Sleeping          |    13 |    22 ||    35
       Confused          |       |     2 ||     2
Armor: Robe              |    13 |     9 ||    22
Dodge: Dodged            |    42 |    87 ||   129
